 Dungeon Crawl Stone Soup version 0.28-a0-751-gef3a642a4e (webtiles) character file.

Game seed: 977543104279142039

4869 jasper the Cleaver (level 10, -21/82 HPs)
             Began as a Demonspawn Artificer on Oct 28, 2021.
             Was a Believer of Uskayaw.
             Demolished by a large slime creature (31 damage)
             ... on level 10 of the Dungeon on Oct 30, 2021.
             The game lasted 00:20:13 (11745 turns).

jasper the Cleaver (Demonspawn Artificer)          Turns: 11745, Time: 00:20:13

Health: -21/82     AC: 24    Str: 16    XL:     10   Next: 26%
Magic:  10/10      EV:  9    Int: 12    God:    Uskayaw [**....]
Gold:   564        SH:  3    Dex: 14    Spells: 9/9 levels left

rFire   . . .      SeeInvis .   C - +3 war axe
rCold   . . .      Faith    .   I - +0 buckler
rNeg    + . .      Spirit   .   k - +3 ring mail
rPois   .          Reflect  .   i - +0 helmet
rElec   .          Harm     .   E - +1 cloak
rCorr   .          Rampage  .   (no gloves)
Will    +....                   t - +0 pair of boots
Stlth   +.........              (no amulet)
HPRegen 0.23/turn               m - ring of flight
MPRegen 0.12/turn               u - ring of positive energy

@: sanguine armoured, flying, studying Axes
A: claws 1, demonic guardian 1, ignite blood 1, sanguine armour 3, deterioration
1, strong-willed 1
a: Renounce Religion, Stomp, Line Pass


You were on level 10 of the Dungeon.
You worshipped Uskayaw.
Uskayaw was noncommittal.
You visited 2 branches of the dungeon, and saw 11 of its levels.

You collected 564 gold pieces.

Inventory:

Hand Weapons
 a - a +0 club
 c - a +2 hand axe of holy wrath
 f - a +1 hunting sling
 g - a +0 hand axe
 j - a +0 flail
 l - a +2 mace of protection
 w - a +0 war axe
 C - a +3 war axe (weapon)
Missiles
 h - 257 stones
 v - 2 silver boomerangs
 B - 4 boomerangs (quivered)
 G - 13 poisoned darts
Armour
 b - a +0 leather armour
 i - a +0 helmet (worn)
 k - a +3 ring mail (worn)
 t - a +0 pair of boots (worn)
 E - a +1 cloak (worn)
 I - a +0 buckler (worn)
Jewellery
 m - a ring of flight (left claw)
 u - a ring of positive energy (right claw)
Wands
 d - a wand of charming (14)
 r - a wand of digging (2)
 x - a wand of flame (42)
 H - a wand of paralysis (6)
Scrolls
 n - 3 scrolls of teleportation
 y - 2 scrolls of vulnerability
 A - a scroll of amnesia
 F - a scroll of fog
 J - a scroll of immolation
Potions
 o - 2 potions of mutation
 p - 2 potions of curing
 q - 2 potions of lignification
 s - a potion of might
 z - 3 potions of brilliance
 D - a potion of flight
 K - a potion of heal wounds {unknown}
Miscellaneous
 e - a piece from Xom's chessboard (15/15)


   Skills:
 + Level 8.7 Fighting
 * Level 12.7 Axes
 + Level 2.7 Armour
 - Level 0.8 Dodging
 - Level 0.8 Stealth
 - Level 3.0 Evocations


You had 9 spell levels left.
You didn't know any spells.
Your spell library contained the following spells:

 Spells                   Type           Power      Damage    Failure   Level
 Beastly Appendage        Tmut           0%         N/A       71%         1
 Blink                    Tloc           0%         N/A       83%         2
 Wereblood                Tmut           0%         N/A       83%         2
 Lesser Beckoning         Tloc           0%         N/A       97%         3
 Spider Form              Tmut/Pois      0%         N/A       97%         3
 Manifold Assault         Tloc           0%         N/A       100%        5


Dungeon Overview and Level Annotations

Branches:
Dungeon (10/15)            Temple (1/1) D:5            Lair (0/6) D:8
    Orc: D:9-12

Altars:
Ashenzari
Cheibriados
Dithmenos
Elyvilon
Fedhas
Gozag
Hepliaklqana
Kikubaaqudgha
Makhleb
Nemelex Xobeh
Okawaru
Qazlal
Ru
Sif Muna
Trog
Uskayaw
Vehumet
Wu Jian
Xom
Yredelemnul
Zin
The Shining One

Shops:
D:6 *

Annotations:
D:4 3 runed translucent doors, ytrimaz's ghost, amateur DsGl
D:7 1 runed translucent door, BigDaddyOpFi's ghost, novice GrBe


Innate Abilities, Weirdness & Mutations

You have sharp fingernails.
A weak demonic guardian rushes to your aid.
Your demonic aura sometimes causes spilled blood to erupt in flames.
When seriously injured, your bleeding wounds create very thick armour. (AC +12)
Your body sometimes deteriorates upon taking damage.
You are strong-willed. (Will+)


Message History

Attack!
A slime creature comes into view.
Your rust devil hits the slime creature.
Your rust devil corrodes the slime creature!
The slime creature hits your rust devil!
Your rust devil dies!
Your rust devil disappears in a puff of smoke!
Aiming: Throw Flame
Press: ? - help, Shift-Dir - straight line, f/p - slime creature
Aim: a slime creature (lightly wounded, covered in acid, 94% to hit)
The puff of flame hits the slime creature!
The slime creature is moderately wounded.
Two slime creatures merge to form a large slime creature.
Aiming: Throw Flame
Press: ? - help, Shift-Dir - straight line, f/p - large slime creature
Aim: a large slime creature (lightly wounded, covered in acid, 94% to hit)
The puff of flame hits the large slime creature.
The large slime creature is lightly wounded.
You slash the large slime creature!
The large slime creature is moderately wounded.
The large slime creature hits you!
Your blood congeals into armour.
You take 17 damage, and have 48/82 hp.
MASSIVE DAMAGE!!
You hit the large slime creature.
The large slime creature is moderately wounded.
The large slime creature hits you but does no damage.
You slice the large slime creature!!
The large slime creature is heavily wounded.
The large slime creature hits you!
You take 12 damage, and have 37/82 hp.
You hit the large slime creature.
The large slime creature is heavily wounded.
The large slime creature is no longer covered in acid.
The large slime creature barely misses you.
You hit the large slime creature but do no damage.
The large slime creature is heavily wounded.
The large slime creature hits you!!
* * * LOW HITPOINT WARNING * * *
You take 28 damage, and have 9/82 hp.
MASSIVE DAMAGE!!
The large slime creature hits you!!
You die...

###
#@#
#J#
#.#
#..
...
...#
#...
#..#


You could see a large slime creature.

Vanquished Creatures
  Maurice (D:9)
  A komodo dragon (D:8)
  An unseen horror (D:10)
  A troll (D:10)
  A hornet (D:8)
  A wyvern (D:8)
  3 yaks (D:9)
  2 steam dragons (D:8)
  A sky beast (D:6)
  2 ice beasts (D:6)
  A black bear (D:3)
  2 necrophages
  3 centaurs
  An ogre (D:6)
  A kobold brigand (D:9)
  2 bullfrogs
  A wyvern zombie (D:8)
  4 killer bees (D:7)
  2 howler monkeys
  6 wights (D:9)
  2 centaur zombies (D:9)
  2 bullfrog zombies
  2 jellies
  A gnoll shaman (D:4)
  A hound (D:5)
  A centaur skeleton (D:6)
  7 orc priests
  Jessica (D:2)
  An iguana (D:6)
  6 orc wizards
  A killer bee zombie (D:8)
  8 gnolls
  7 adders
  3 shadow imps
  An adder skeleton (D:4)
  3 worms
  5 dart slugs
  38 orcs
  8 endoplasms
  A giant cockroach (D:2)
  A goblin (D:4)
  2 hobgoblins (D:3)
  7 kobolds
  2 quokkas
  7 ball pythons
  3 bats (D:1)
  3 frilled lizards
  2 rats (D:1)
163 creatures vanquished.

Vanquished Creatures (collateral kills)
  An ogre (D:7)
  An orc wizard (D:4)
  A quokka (D:4)
  An adder (D:4)
  3 orcs
  An endoplasm (D:4)
8 creatures vanquished.

Vanquished Creatures (others)
  An ice beast (D:4)
  2 orc wizards
  A white imp (D:6)
  3 orcs
  35 plants
42 creatures vanquished.

Grand Total: 213 creatures vanquished

Notes
Turn   | Place    | Note
-------+----------+-------------------------------------------
     0 | D:1      | jasper the Demonspawn Artificer began the quest for the
                  | Orb.
     0 | D:1      | Reached XP level 1. HP: 15/15 MP: 1/1
   799 | D:1      | Reached skill level 1 in Axes
   877 | D:1      | Gained mutation: Your demonic aura sometimes causes spilled
                  | blood to erupt in flames. [demonic ancestry]
   877 | D:1      | Reached XP level 2. HP: 21/21 MP: 2/2
   880 | D:1      | Upgraded the game from 0.28-a0-726-g4a9143789a to
                  | 0.28-a0-751-gef3a642a4e
  1351 | D:2      | Noticed Jessica
  1357 | D:2      | Gained mutation: Your body sometimes deteriorates upon
                  | taking damage. [potion of mutation]
  1357 | D:2      | Gained mutation: You are strong-willed. (Will+) [potion of
                  | mutation]
  1359 | D:2      | Killed Jessica
  1360 | D:2      | Reached skill level 2 in Axes
  1360 | D:2      | Reached XP level 3. HP: 11/27 MP: 3/3
  1568 | D:2      | Found a faded altar of an unknown god.
  2046 | D:2      | Gained mutation: When seriously injured, your bleeding
                  | wounds create armour. (AC +12) [demonic ancestry]
  2046 | D:2      | Reached XP level 4. HP: 15/34 MP: 4/4
  2962 | D:4      | You fall into a shaft and drop 2 floors!
  2963 | D:6      | Noticed a necrophage
  2984 | D:6      | Killed a necrophage
  2985 | D:6      | Reached skill level 3 in Axes
  2985 | D:6      | Reached XP level 5. HP: 15/41 MP: 5/5
  3117 | D:6      | Noticed an ice beast
  3122 | D:6      | Killed an ice beast
  3123 | D:6      | Reached skill level 4 in Axes
  3123 | D:6      | Gained mutation: When seriously injured, your bleeding
                  | wounds create thick armour. (AC +12) [demonic ancestry]
  3123 | D:6      | Reached XP level 6. HP: 35/47 MP: 6/6
  3404 | D:6      | Reached skill level 5 in Axes
  3408 | D:6      | Found an opulent altar of Gozag.
  3408 | D:6      | Found Gozag's Platinum Reserve.
  3719 | D:6      | Noticed an ice beast
  3725 | D:6      | Gained mutation: A weak demonic guardian rushes to your
                  | aid. [demonic ancestry]
  3725 | D:6      | Reached XP level 7. HP: 54/54 MP: 7/7
  3781 | D:5      | Entered Level 5 of the Dungeon
  4235 | D:4      | Found a runed translucent gate.
  4235 | D:4      | Found a runed translucent gate.
  4239 | D:4      | Found a runed translucent gate.
  4297 | D:4      | Noticed ytrimaz's ghost (amateur DsGl)
  4453 | D:4      | Reached skill level 6 in Axes
  4594 | D:3      | Reached skill level 5 in Fighting
  5536 | D:5      | Noticed a shadow
  5678 | D:5      | Gained mutation: You have sharp fingernails. [demonic
                  | ancestry]
  5678 | D:5      | Reached XP level 8. HP: 31/63 MP: 8/8
  5847 | D:4      | Reached skill level 7 in Axes
  6260 | D:5      | Found a staircase to the Ecumenical Temple.
  6362 | Temple   | Entered the Ecumenical Temple
  6588 | Temple   | Became a worshipper of Uskayaw the Reveller
  6677 | D:5      | Reached * piety under Uskayaw
  6716 | D:6      | Reached ** piety under Uskayaw
  6767 | D:6      | Reached *** piety under Uskayaw
  7176 | D:7      | Reached skill level 8 in Axes
  7651 | D:7      | Found a runed translucent door.
  7652 | D:7      | Noticed BigDaddyOpFi's ghost (novice GrBe)
  8257 | D:7      | Reached **** piety under Uskayaw
  8261 | D:7      | HP: 3/65 [killer bee (6)]
  8262 | D:7      | HP: 1/65 [poisoned by a killer bee]
  8886 | D:8      | Reached XP level 9. HP: 48/71 MP: 9/9
  8929 | D:8      | Reached skill level 9 in Axes
  9031 | D:8      | Identified a scroll of acquirement
  9031 | D:8      | Acquired a manual of Axes
  9389 | D:8      | Reached skill level 10 in Axes
  9570 | D:8      | Noticed a komodo dragon
  9580 | D:8      | Killed a komodo dragon
  9585 | D:8      | Found a staircase to the Lair.
 10223 | D:9      | Reached skill level 11 in Axes
 10431 | D:9      | Noticed Maurice
 10435 | D:9      | Killed Maurice
 10824 | D:9      | Reached skill level 12 in Axes
 10827 | D:9      | Gained mutation: When seriously injured, your bleeding
                  | wounds create very thick armour. (AC +12) [demonic
                  | ancestry]
 10827 | D:9      | Reached XP level 10. HP: 73/82 MP: 10/10
 11405 | D:10     | Entered Level 10 of the Dungeon
 11745 | D:10     | Demolished by a large slime creature

Illustrated notes

Levels and vault maps discovered:
D:1:      minmay_arrival_pointy, layout_basic
D:2:      wander_river, layout_loops_ring,
          hellmonk_ecumenical_altar_slurped_away, uniq_jessica
D:3:      layout_basic
D:4:      layout_loops_cross, gammafunk_ghost_necromancy,
          hangedman_decor_opposing
D:5:      layout_loops_ring, minmay_temple_entry_wispy, serial_bayou_pond_d
D:6:      layout_loops_cross, nicolae_gozag_zags_fifth_avenue
D:7:      layout_loops_ring, gammafunk_ghost_grave, minivault_19,
          patterned_corridor
D:8:      layout_loops_cross, david_lair_shrubbed
D:9:      layout_gridville, grunt_decor_one_mirror, blue_anna_alchemist,
          uniq_maurice
D:10:     layout_basic, mrwooster_statue_mirror, chequers_serial_rivers_micro_e,
          minmay_bent
Temple:   roderic_octagonal_lattice_temple

Skill      XL: |  1  2  3  4  5  6  7  8  9 10 |
---------------+-------------------------------+-----
Axes           | 1 2 3 4 5 6 8 12 | 12.7
Fighting       | 2 3 4 5 6 8 |  8.7
Armour         | 2 |  2.7
Dodging        | |  0.8
Stealth        | |  0.8
Evocations     | |  3.0

Action                   |  1- 3 |  4- 6 |  7- 9 | 10-12 || total
-------------------------+-------+-------+-------+-------++-------
Melee: Hand axe          |    39 |       |       |       ||    39
       Club              |     2 |       |       |       ||     2
       Flail             |    22 |    28 |       |       ||    50
       Mace              |       |    28 |   224 |       ||   252
       War axe           |       |       |   206 |    37 ||   243
 Fire: Hunting sling     |    18 |    14 |       |       ||    32
Throw: Stone             |    25 |    38 |    28 |       ||    91
       Boomerang         |       |       |    25 |     8 ||    33
Evoke: Wand              |       |    25 |    20 |     2 ||    47
       Piece from Xom's  |       |       |     2 |       ||     2
  Use: Potion            |     2 |       |     2 |       ||     4
       Scroll            |       |     3 |    12 |     1 ||    16
 Stab: Sleeping          |     1 |       |       |       ||     1
       Distracted        |       |       |     1 |       ||     1
       Paralysed         |       |       |     6 |     2 ||     8
Armor: Leather armour    |    32 |     4 |       |       ||    36
       Ring mail         |       |    20 |   224 |    25 ||   269
Dodge: Dodged            |    53 |    43 |   228 |    19 ||   343
Block: Buckler           |       |       |       |     5 ||     5

Table legend: (Time is in decaauts)
 A = Elapsed time spent in this place.
 B = Non-inter-level travel time spent in this place.
 C = Inter-level travel time spent in this place.
 D = Time resting spent in this place.
 E = Time spent auto-exploring this place.
 F = Levels seen in this place.
 G = Mean time per level.
                   A        B        C        D        E       F      G
               +--------+--------+--------+--------+--------+-----+--------+
         Total |  11903 |  11488 |    415 |   2509 |   6933 |  11 | 1082.1 |
       Dungeon |  11653 |  11261 |    392 |   2509 |   6736 |  10 | 1165.3 |
        Temple |    250 |    227 |     23 |      0 |    197 |   1 |  250.0 |
               +--------+--------+--------+--------+--------+-----+--------+

Top non-repeatable levels by time:
     D:7: 1741 daAuts
     D:2: 1630 daAuts
     D:8: 1371 daAuts
     D:9: 1301 daAuts
     D:6: 1267 daAuts
     D:4: 1240 daAuts
     D:3: 1131 daAuts
     D:1: 989 daAuts
     D:5: 753 daAuts
  Temple: 250 daAuts
    D:10: 224 daAuts
